General information
- name: BNet
- type: Ladder team game (AT/RT)
- host: Battle.net
- saver: MichaelJackson3
map: TwistedMeadows
- players: 4
- length: 20:41
- speed: Fast
- version: 1.23 W3XP
- replay type: Public
» download(117 KB)
Players
team 1 (loser)

»
Hydro_Dragon (
pink | 53 APM | 1089 actions | 20:39)
3 Mountain King
1 Storm Bolt
2 Thunder Clap
3 Archmage
1 Blizzard
1 Brilliance Aura
1 Summon Water Elemental
» actions
| Assign group hotkey | 43 | |
| Basic commands | 83 | |
| Build / train | 70 | |
| ESC pressed | 5 | |
| Enter build submenu | 21 | |
| Enter hero's abilities submenu | 6 | |
| Right click | 393 | |
| Select / deselect | 254 | |
| Select group hotkey | 169 | |
| Use ability | 45 | |
1089 total
» units
| Peasant | 6 | |
| Footman | 5 | |
| Spell Breaker | 9 | |
| Knight | 7 | |
| Mortar Team | 6 | |
| Rifleman | 5 | |
| Sorceress | 3 | |
| Flying Machine | 5 | |
| Siege Engine | 1 | |
47 total
» upgrades
| Defend | 1 | |
| Fragmentation Shards | 1 | |
| Gunpowder | 1 | |
| Flare | 1 | |
| Barrage | 1 | |
5 total
» buildings
| Barracks | 1 | |
| Farm | 9 | |
| Altar of Kings | 1 | |
| Scout Tower | 2 | |
| Arcane Tower | 1 | |
| Lumber Mill | 1 | |
| Keep | 1 | |
| Guard Tower | 1 | |
| Arcane Vault | 1 | |
| Blacksmith | 1 | |
| Arcane Sanctum | 1 | |
| Castle | 1 | |
| Workshop | 1 | |
22 total
» build order
00:07 Barracks
00:10 Farm
00:42 Altar of Kings
01:04 Farm
01:11 Scout Tower
01:47 Arcane Tower
02:07 Farm
02:33 Lumber Mill
03:51 Keep
04:30 Scout Tower
05:23 Guard Tower
05:29 Arcane Vault
05:34 Blacksmith
06:22 Arcane Sanctum
06:34 Castle
06:37 Farm
06:43 Farm
08:23 Workshop
09:16 Farm
09:20 Farm
11:13 Farm
11:16 Farm
» items
| Scroll of Town Portal | 1 | |
| Scroll of Regeneration | 1 | |
| Potion of Mana | 1 | |
| Potion of Healing | 1 | |
4 total
Panda(inf) (
purple | 70 APM | 1439 actions | 20:35)
4 Keeper of the Grove
2 Entangling Roots
2 Force of Nature
2 Demon Hunter
2 Mana Burn
» actions
| Assign group hotkey | 17 | |
| Basic commands | 21 | |
| Build / train | 59 | |
| ESC pressed | 1 | |
| Enter build submenu | 18 | |
| Enter hero's abilities submenu | 6 | |
| Remove unit from queue | 1 | |
| Right click | 750 | |
| Select / deselect | 343 | |
| Select group hotkey | 155 | |
| Use ability | 68 | |
1439 total
» units
| Wisp | 19 | |
| Huntress | 5 | |
| Dryad | 11 | |
| Faerie Dragon | 3 | |
| Hippogryph | 4 | |
42 total
» upgrades
» buildings
| Moon Well | 5 | |
| Altar of Elders | 1 | |
| Hunter's Hall | 1 | |
| Ancient of War | 2 | |
| Ancient of Wonders | 1 | |
| Tree of Ages | 1 | |
| Ancient of Lore | 2 | |
| Ancient of Wind | 1 | |
| Tree of Eternity | 1 | |
| Chimaera Roost | 2 | |
17 total
» build order
00:10 Moon Well
00:15 Altar of Elders
01:39 Hunter's Hall
01:45 Ancient of War
01:54 Ancient of Wonders
02:06 Ancient of War
02:26 Moon Well
03:57 Moon Well
04:33 Tree of Ages
08:18 Ancient of Lore
08:22 Ancient of Lore
08:25 Ancient of Wind
08:34 Moon Well
10:34 Tree of Eternity
11:47 Moon Well
14:35 Chimaera Roost
14:43 Chimaera Roost
» items
| Staff of Preservation | 1 | |
| Scroll of Town Portal | 2 | |
| Potion of Healing | 1 | |
4 total
team 2 (winner)
MichaelJackson3 (
red | 108 APM | 2234 actions | 20:41)
5 Tauren Chieftain
2 Endurance Aura
3 War Stomp
4 Shadow Hunter
2 Hex
2 Healing Wave
» actions
| Assign group hotkey | 29 | |
| Basic commands | 3 | |
| Build / train | 69 | |
| Enter build submenu | 10 | |
| Enter hero's abilities submenu | 9 | |
| Right click | 1185 | |
| Select / deselect | 486 | |
| Select group hotkey | 378 | |
| Use ability | 65 | |
2234 total
» units
| Peon | 7 | |
| Troll Headhunter/Berserker | 20 | |
| Ogre Mauler | 1 | |
| Wind Rider | 9 | |
| Tauren | 1 | |
38 total
» upgrades
| Ranged Weapons | 1 | |
| Envenomed Spears | 1 | |
| Pulverize | 1 | |
3 total
» buildings
| Altar of Storms | 1 | |
| Orc Burrow | 4 | |
| War Mill | 1 | |
| Barracks | 1 | |
| Voodoo Lounge | 1 | |
| Stronghold | 1 | |
| Beastiary | 1 | |
| Fortress | 1 | |
| Tauren Totem | 1 | |
12 total
» build order
00:06 Altar of Storms
00:08 Orc Burrow
00:27 War Mill
01:01 Barracks
02:03 Orc Burrow
02:26 Voodoo Lounge
04:39 Orc Burrow
05:23 Stronghold
06:24 Orc Burrow
10:54 Beastiary
11:51 Fortress
18:37 Tauren Totem
» items
| Healing Salve | 4 | |
| Lesser Clarity Potion | 3 | |
| Scroll of Town Portal | 2 | |
| Potion of Healing | 4 | |
| Potion of Mana | 1 | |
| Orb of Lightning | 1 | |
15 total
Retarded_Archer (
green | 117 APM | 2422 actions | 20:39)
4 Archmage
2 Summon Water Elemental
2 Brilliance Aura
3 Mountain King
2 Storm Bolt
1 Bash
3 Paladin
2 Holy Light
1 Divine Shield
» actions
| Assign group hotkey | 64 | |
| Basic commands | 93 | |
| Build / train | 71 | |
| ESC pressed | 2 | |
| Enter build submenu | 19 | |
| Enter hero's abilities submenu | 10 | |
| Give item / drop item | 2 | |
| Remove unit from queue | 1 | |
| Right click | 1105 | |
| Select / deselect | 460 | |
| Select group hotkey | 501 | |
| Use ability | 94 | |
2422 total
» units
| Peasant | 7 | |
| Footman | 8 | |
| Sorceress | 6 | |
| Priest | 1 | |
| Spell Breaker | 5 | |
| Gryphon Rider | 5 | |
| Knight | 7 | |
39 total
» upgrades
| Lumber Harvesting | 2 | |
| Sorceress Training | 2 | |
| Armor | 1 | |
| Storm Hammers | 1 | |
| Animal War Training | 1 | |
7 total
» buildings
| Altar of Kings | 1 | |
| Barracks | 1 | |
| Farm | 8 | |
| Arcane Vault | 1 | |
| Scout Tower | 1 | |
| Keep | 1 | |
| Arcane Tower | 1 | |
| Lumber Mill | 1 | |
| Arcane Sanctum | 2 | |
| Blacksmith | 1 | |
| Castle | 1 | |
| Gryphon Aviary | 1 | |
20 total
» build order
00:06 Altar of Kings
00:09 Barracks
00:18 Farm
01:33 Farm
02:32 Arcane Vault
03:41 Scout Tower
03:42 Keep
03:50 Farm
04:29 Arcane Tower
05:26 Farm
05:53 Lumber Mill
06:27 Arcane Sanctum
07:58 Arcane Sanctum
09:13 Blacksmith
09:15 Farm
10:39 Castle
10:42 Gryphon Aviary
10:56 Farm
11:56 Farm
19:59 Farm
» items
| Potion of Mana | 1 | |
| Potion of Healing | 2 | |
3 total
Chat log
(00:12 / Allies) MichaelJackson3: dont let me get rassed
(00:14 / Allies) MichaelJackson3: doing hh build
(00:21 / Allies) Retarded_Archer: sure im doing new shit too
(00:29 / Allies) MichaelJackson3: right.
(00:46 / Allies) MichaelJackson3: oh new shit
(00:49 / Allies) Retarded_Archer: shoulda thought that through
(00:50 / Allies) MichaelJackson3: "build my rax faster"
(01:14 / Allies) MichaelJackson3: flawless
(01:45 / Allies) MichaelJackson3: footmen harass
(01:46 / Allies) MichaelJackson3: really
(01:52 / Allies) MichaelJackson3: really
(01:55 / Allies) Retarded_Archer: yep
(01:56 / Allies) MichaelJackson3: really
(02:10 / Allies) MichaelJackson3: god my hh
(02:12 / Allies) MichaelJackson3: build so good
(02:32 / Allies) MichaelJackson3: ugh so good
(02:51 / Allies) Retarded_Archer: if he was elf
(02:54 / Allies) Retarded_Archer: he woulad lost wisps
(02:56 / Allies) MichaelJackson3: nice
(02:57 / Allies) Retarded_Archer: uh oh
(02:59 / Allies) Retarded_Archer: uh ohh
(03:04 / Allies) MichaelJackson3: wow gj
(03:16 / Allies) Retarded_Archer: pug
(03:16 / Allies) Retarded_Archer: pig
(03:17 / Allies) Retarded_Archer: pig
(03:18 / Allies) Retarded_Archer: pig
(03:18 / Allies) Retarded_Archer: pig
(03:19 / Allies) Retarded_Archer: pig
(04:16 / Allies) MichaelJackson3: wow gj
(04:21 / Allies) MichaelJackson3: we're going to win
(04:21 / Allies) Retarded_Archer: rofl
(04:22 / Allies) MichaelJackson3: btw
(04:24 / Allies) MichaelJackson3: if u dont lose units
(04:25 / Allies) MichaelJackson3: he went hunts
(04:36 / Allies) MichaelJackson3: we push when im 3
(04:55 / Allies) MichaelJackson3: oh my god
(04:59 / Allies) MichaelJackson3: kid is good
(05:12 / Allies) MichaelJackson3: dont tell me
(05:36 / Allies) MichaelJackson3: can we push
(05:42 / Allies) MichaelJackson3: this guy is annoying
(05:55 / All) MichaelJackson3: snore
(06:07 / All) MichaelJackson3: Kotg hunts snore
(06:33 / All) MichaelJackson3: u are so boring
(06:46 / All) MichaelJackson3: do something new
(07:29 / Allies) MichaelJackson3: where are your units
(08:21 / Allies) Retarded_Archer: i killed
(08:23 / Allies) Retarded_Archer: 5 wisps
(08:23 / Allies) Retarded_Archer: shh
(08:25 / Allies) MichaelJackson3: uhh
(08:27 / Allies) MichaelJackson3: if you units
(08:30 / Allies) MichaelJackson3: that would of been game
(10:25 / Allies) MichaelJackson3: wow
(10:36 / Allies) Retarded_Archer: fabulous
(11:40 / Allies) Retarded_Archer: hellooo?
(11:42 / Allies) Retarded_Archer: you know hes here right
(11:43 / Allies) MichaelJackson3: i know
(14:32 / Allies) MichaelJackson3: amazing
(14:35 / All) Retarded_Archer: YA CAN COUNT ON ME
(14:49 / Allies) Retarded_Archer: he sgonna get hippooss
(14:53 / Allies) MichaelJackson3: hit
(15:36 / Allies) Retarded_Archer: dh?
(17:03 / Allies) Retarded_Archer: hippo
(17:32 / Allies) MichaelJackson3: amazing
(17:44 / Allies) MichaelJackson3: altar
(17:52 / All) MichaelJackson3: Wow u suck
(18:39 / Allies) MichaelJackson3: building tauren totems
(18:41 / Allies) MichaelJackson3: lol
(19:55 / Allies) MichaelJackson3: imagine u were as good as me
(20:01 / Allies) Retarded_Archer: are you serious
(20:21 / Allies) Retarded_Archer: the gryphs won us that
(20:26 / Allies) MichaelJackson3: i had a beastie
(20:30 / Allies) MichaelJackson3: going up before u aviary
(20:34 / Allies) Retarded_Archer: so
(20:36 / Allies) Retarded_Archer: your t2 im t3